 Dungeon Crawl Stone Soup version 0.29-a0-321-gf1c400731a (webtiles) character file.

Game seed: 11401428539564343525

382 sammy202020 the Skirmisher (level 6, -1/68 HPs)
             Began as an Ogre Monk on Apr 4, 2022.
             Was a Believer of Okawaru.
             Killed by divine providence
             ... invoked by an orc priest
              (12 damage)
             ... on level 5 of the Dungeon.
             The game lasted 00:06:08 (3812 turns).

sammy202020 the Skirmisher (Ogre Monk)              Turns: 3812, Time: 00:06:10

Health: -1/68      AC:  3    Str: 18    XL:     6   Next: 76%
Magic:  5/6        EV: 10    Int: 11    God:    Okawaru [**....]
Gold:   206        SH:  0    Dex: 11    Spells: 5/5 levels left

rFire   . . .      SeeInvis .   a - +1 mace
rCold   . . .      Faith    .   (no shield)
rNeg    . . .      Spirit   .   b - +0 robe
rPois   .          Reflect  .   (helmet restricted)
rElec   .          Harm     .   (no cloak)
rCorr   .          Rampage  .   (gloves unavailable)
Will    .....                   (boots unavailable)
Stlth   ++........              (no amulet)
HPRegen 0.21/turn               d - ring of flight
MPRegen 0.10/turn               (no ring)

@: flying
A: large, unfitting armour, tough skin 1
a: Renounce Religion, Heroism


You were on level 5 of the Dungeon.
You worshipped Okawaru.
Okawaru was pleased with you.
You visited 2 branches of the dungeon, and saw 6 of its levels.

You collected 329 gold pieces.
You spent 123 gold pieces at shops.

Inventory:

Hand Weapons
 a - a +1 mace (weapon)
Missiles
 o - 4 large rocks (quivered)
 p - 4 poisoned darts
Armour
 b - a +0 robe (worn)
Jewellery
 d - a ring of flight (left hand)
Scrolls
 c - a scroll of teleportation {unknown}
 i - a scroll of blinking {unknown}
 l - a scroll of enchant weapon
 m - a scroll of identify
 n - a scroll of summoning
 q - 3 scrolls of fear
Potions
 e - a potion of ambrosia
 f - a potion of mutation {unknown}
 g - a potion of haste {unknown}
 h - a potion of might {unknown}
 j - 2 potions of heal wounds
 k - 2 potions of invisibility {unknown}


   Skills:
 * Level 6.8 Fighting
 * Level 4.7 Maces & Flails
 + Level 3.8 Dodging
 - Level 1.4 Stealth
 + Level 0.3 Invocations


You had 5 spell levels left.
You didn't know any spells.
Your spell library contained the following spells:

 Spells                   Type           Power      Damage    Failure   Level
 Summon Small Mammal      Summ           Unusable   N/A       N/A         1
 Call Canine Familiar     Summ           Unusable   N/A       N/A         3
 Summon Guardian Golem    Hex/Summ       Unusable   N/A       N/A         3

Dungeon Overview and Level Annotations

Branches:
Dungeon (5/15)             Temple (1/1) D:4

Altars:
Dithmenos
Elyvilon
Fedhas
Kikubaaqudgha
Okawaru
Ru
Trog
Wu Jian
Xom
The Shining One

Shops:
D:3 *:(   D:4 ?


Innate Abilities, Weirdness & Mutations

You are too large for most types of armour.
You have tough skin. (AC +1)


Message History

The orc is almost dead.
You hit something.
The orc wizard gestures wildly while chanting.
The orc wizard flickers and vanishes!
You barely miss something.
You hear some strange, mumbled words.
A magic dart appears from out of thin air!
The magic dart hits you!
You sock something! Something hits you.
You hit something. Okawaru accepts your kill.
Reactivating autopickup.
You feel a bit more experienced.
The orc priest calls upon Beogh to heal the orc.
The orc is healed somewhat.
You hit the iguana but do no damage.
You feel like a meek peon again. The iguana closely misses you.
You hit the iguana but do no damage.
The orc priest casts a cantrip, but nothing happens.
The iguana barely misses you.
You barely miss the iguana. The iguana bites you.
You hit the iguana.
The iguana is moderately wounded.
The iguana bites you.
You closely miss the iguana.
The iguana is moderately wounded.
The iguana barely misses you.
You hit the iguana.
The iguana is heavily wounded.
The iguana bites you. The iguana bites you!
* * * LOW HITPOINT WARNING * * *
The orc priest looks satisfied for a moment.
You closely miss the iguana.
The iguana is heavily wounded.
The iguana bites you!
* * * LOW HITPOINT WARNING * * *
The orc priest invokes the aid of Beogh against you.
Beogh smites you!
You die...

.... #..# ##. #..# ..
...# #. #.### #..# #.
#.#.######..# #
###.##.......?...# #.#.#
................##o.....
...............@l{o....
##.#....######.##oo....
###.#....######## #.#.#
..............# #
##.......######
#...#....#
.................
######...........
#....##.[...


You could see an iguana, an orc priest and 3 orcs.

Vanquished Creatures
  A water moccasin (D:4)
  A phantom (D:4)
  A scorpion (D:4)
  2 orc wizards (D:5)
  3 adders
  A worm (D:2)
  2 dart slugs
  4 orcs
  4 ball pythons
  5 endoplasms
  A giant cockroach (D:4)
  7 goblins
  5 hobgoblins
  3 kobolds
  3 quokkas
  7 bats
  6 rats
56 creatures vanquished.

Notes
Turn   | Place    | Note
-------+----------+-------------------------------------------
     0 | D:1      | sammy202020 the Ogre Monk began the quest for the Orb.
     0 | D:1      | Reached XP level 1. HP: 24/24 MP: 1/1
   311 | D:1      | Reached XP level 2. HP: 32/32 MP: 2/2
   648 | D:1      | Found a faded altar of an unknown god.
  1051 | D:2      | Reached XP level 3. HP: 29/40 MP: 3/3
  1660 | D:3      | Found Okhlue Yvata's General Store.
  1732 | D:3      | Reached skill level 5 in Fighting
  1732 | D:3      | Reached XP level 4. HP: 50/50 MP: 4/4
  2015 | D:3      | Found Aneczod's Book Boutique.
  2031 | D:3      | Found Eriqunoc's Weapon Shop.
  2440 | D:4      | Found Wunoeg's Magic Scroll Boutique.
  2498 | D:4      | Bought a scroll of enchant weapon for 97 gold pieces
  2498 | D:4      | Bought a scroll of identify for 26 gold pieces
  2597 | D:4      | Noticed a water moccasin
  2615 | D:4      | Killed a water moccasin
  2616 | D:4      | Reached skill level 6 in Fighting
  2616 | D:4      | Reached XP level 5. HP: 14/59 MP: 5/5
  2990 | D:4      | Noticed a phantom
  3013 | D:4      | Killed a phantom
  3014 | D:4      | Reached XP level 6. HP: 20/68 MP: 6/6
  3317 | D:4      | Found a staircase to the Ecumenical Temple.
  3337 | Temple   | Entered the Ecumenical Temple
  3366 | Temple   | Became a worshipper of Warmaster Okawaru
  3366 | Temple   | Reached * piety under Okawaru
  3366 | Temple   | Reached ** piety under Okawaru
  3764 | D:5      | Entered Level 5 of the Dungeon
  3812 | D:5      | Killed from afar by an orc priest

Illustrated notes

Levels and vault maps discovered:
D:1:      lightli_arrival_boilingwater, layout_loops_ring,
          shapermc_ecumenical_altar_mp_vishouse
D:2:      layout_rooms, eino_curves_02, hangedman_decor_peaks_small
D:3:      layout_basic, serial_shops, nicolae_shop_bloodbath_and_beyond,
          nicolae_shop_trees, shop
D:4:      layout_loops_cross, minmay_temple_entry_nine_rooms,
          gup_sewer_entry_bowl, kennysheep_small_circle
D:5:      layout_basic, slow_altar_2
Temple:   eino_temple_scatter_basement

Skill      XL: |  1  2  3  4 |
---------------+-------------+-----
Maces & Flails | 3 4 |  4.7
Dodging        | 3 |  3.8
Fighting       | 5 6 |  6.8
Stealth        | |  1.4
Invocations    | |  0.3

Action                   |  1- 3 |  4- 6 || total
-------------------------+-------+-------++-------
Melee: Mace              |    91 |   100 ||   191
       Punch             |     2 |     2 ||     4
Throw: Boomerang         |    29 |       ||    29
       Dart              |     8 |    11 ||    19
Invok: Heroism           |       |     1 ||     1
  Use: Potion            |     2 |     2 ||     4
       Scroll            |       |     8 ||     8
 Stab: Sleeping          |     1 |     1 ||     2
Armor: Robe              |    38 |    17 ||    55
Dodge: Dodged            |    56 |    52 ||   108

Table legend: (Time is in decaauts)
 A = Elapsed time spent in this place.
 B = Non-inter-level travel time spent in this place.
 C = Inter-level travel time spent in this place.
 D = Time resting spent in this place.
 E = Time spent auto-exploring this place.
 F = Levels seen in this place.
 G = Mean time per level.
                   A        B        C        D        E       F      G
               +--------+--------+--------+--------+--------+-----+--------+
         Total |   3861 |   3782 |     79 |      0 |   3180 |   6 |  643.5 |
       Dungeon |   3803 |   3733 |     70 |      0 |   3171 |   5 |  760.6 |
        Temple |     57 |     48 |      9 |      0 |      9 |   1 |   57.0 |
               +--------+--------+--------+--------+--------+-----+--------+

Top non-repeatable levels by time:
     D:4: 1400 daAuts
     D:1: 877 daAuts
     D:2: 761 daAuts
     D:3: 713 daAuts
  Temple: 57 daAuts
     D:5: 49 daAuts
